Map: Deathaura LE

Players

A.I. 1 (Very Easy)

  • Race: Protoss Protoss
  • Spawn Location: 5:00

Krystianer - Winner!

  • Race: Protoss Protoss
  • League: Grandmaster
  • Spawn Location: 11:00

VOD

Have the link to the VOD?

Description

Time

  • Played on: Feb. 27, 2021, 2:25 p.m.
  • Length: 11:20
Show
View Real Time Build Order
Export as new Build Order

A.I. 1 (Very Easy) Protoss 

Build Orders:  

Get SALT Encoding   

  12  0:00  Probe  
  13  0:13  Probe  
  14  0:20  Pylon  
  14  0:37  Assimilator  
  14  0:43  Gateway  
  14  0:46  Pylon  
  14  1:13  Assimilator  
  14  1:22  Probe  
  14  1:30  Probe  
  15  1:33  Zealot  
  15  1:34  Cybernetics Core  
  15  1:38  Probe  
  19  1:49  Probe  
  20  1:59  Probe  
  20  2:07  Probe  
  21  2:10  Warp Gate  
  22  2:45  Stalker  
  24  7:00  Probe  
  24  7:17  Probe  
  25  7:23  Adept  
  25  7:24  Pylon  
  25  7:25  Probe  
  25  7:26  Robotics Facility  
  25  7:28  Nexus  
  28  7:35  Probe  
  29  7:47  Probe  
  26  8:13  Observer  
  26  8:19  Zealot  
  29  8:35  Observer  
  29  8:39  Probe  
  31  8:49  Probe, Assimilator  
  31  8:52  Probe, Assimilator  
  33  9:03  Probe  
  34  9:11  Probe  
  34  9:16  Stalker  
  37  9:18  Probe  
  38  9:25  Probe  
  39  9:32  Probe  
  40  9:39  Probe  
  40  9:43  Probe  
  42  9:54  Probe  
  42  9:57  Probe  
  44  10:08  Probe  
  45  10:15  Probe  
  46  10:22  Probe  
  46  10:26  Pylon  
  46  10:27  Probe  
  48  10:41  Stalker  
  46  10:47  Pylon  
  44  10:52  Probe  
  26  11:04  Probe  
  26  11:10  Zealot  
Show
View Real Time Build Order
Export as new Build Order

Krystianer Protoss - Winner!

Build Orders:  

Get SALT Encoding   

  12  0:00  Probe  
  13  0:12  Probe  
  14  0:18  Pylon  
  14  0:24  Probe (Chrono Boost)  
  15  0:36  Probe (Chrono Boost)  
  15  0:38  Gateway  
  16  0:44  Probe (Chrono Boost)  
  16  0:45  Assimilator  
  17  0:51  Probe  
  17  0:54  Assimilator  
  18  1:03  Probe (Chrono Boost)  
  19  1:06  Gateway  
  19  1:12  Probe (Chrono Boost)  
  19  1:17  Probe (Chrono Boost)  
  20  1:25  Cybernetics Core  
  21  1:29  Probe  
  22  1:36  Pylon  
  22  1:41  Probe  
  23  1:54  Probe  
  24  2:02  Sentry, Stalker  
  24  2:04  Warp Gate  
  24  2:06  Probe  
  29  2:12  Pylon  
  29  2:18  Probe  
  30  2:31  Nexus  
  30  2:39  Sentry  
  30  2:42  Stalker  
  34  2:49  Probe  
  35  2:51  Pylon  
  35  3:04  Shield Battery  
  35  3:06  Stalker  
  35  3:11  Probe (Chrono Boost)  
  40  3:13  Sentry  
  40  3:23  Probe (Chrono Boost)  
  41  3:30  Probe (Chrono Boost)  
  42  3:38  Probe (Chrono Boost)  
  42  3:39  Twilight Council, Forge  
  43  3:43  Probe (Chrono Boost)  
  45  3:50  Probe (Chrono Boost)  
  45  3:52  Probe (Chrono Boost)  
  45  3:55  Probe (Chrono Boost)  
  46  3:57  Probe (Chrono Boost)  
  48  4:04  Probe  
  48  4:09  Probe  
  50  4:12  Protoss Ground Weapons Level 1  
  50  4:15  Blink  
  50  4:17  Assimilator  
  50  4:19  Probe, Pylon  
  50  4:22  Probe, Stalker  
  54  4:26  Stalker  
  56  4:31  Probe  
  56  4:34  Probe  
  58  4:44  Nexus  
  58  4:47  Pylon  
  58  4:54  Probe x2 (Chrono Boost)  
  60  5:00  Gateway  
  60  5:01  Gateway  
  60  5:03  Probe (Chrono Boost), Gateway  
  60  5:05  Probe (Chrono Boost)  
  62  5:08  Probe (Chrono Boost)  
  62  5:12  Probe  
  64  5:17  Robotics Facility  
  64  5:20  Probe (Chrono Boost)  
  65  5:22  Stalker  
  65  5:23  Stalker  
  65  5:27  Shield Battery  
  70  5:32  Probe x2 (Chrono Boost)  
  71  5:41  Probe (Chrono Boost)  
  73  5:43  Probe (Chrono Boost), Gateway  
  73  5:44  Gateway  
  73  5:48  Probe (Chrono Boost)  
  74  5:56  Probe x2 (Chrono Boost)  
  76  5:58  Stalker  
  76  5:59  Stalker x2  
  76  6:02  Assimilator  
  83  6:05  Probe (Chrono Boost)  
  83  6:08  Probe (Chrono Boost)  
  83  6:09  Probe (Chrono Boost), Assimilator  
  85  6:12  Probe, Assimilator  
  85  6:14  Pylon  
  85  6:17  Probe  
  87  6:19  Probe  
  87  6:20  Pylon  
  87  6:23  Robotics Facility  
  88  6:26  Probe  
  88  6:27  Robotics Bay  
  88  6:29  Probe  
  88  6:31  Observer (Chrono Boost)  
  91  6:34  Pylon  
  91  6:38  Probe, Stalker  
  94  6:40  Stalker  
  94  6:41  Probe  
  94  6:44  Observer (Chrono Boost)  
  94  6:46  Photon Cannon  
  98  6:49  Photon Cannon  
  98  6:50  Probe  
  99  6:59  Pylon  
  99  7:04  Observer (Chrono Boost)  
  99  7:06  Protoss Ground Weapons Level 2 (Chrono Boost)  
  99  7:08  Charge  
  100  7:10  Gateway  
  100  7:12  Gateway  
  100  7:13  Probe  
  101  7:19  Observer  
  101  7:20  Disruptor (Chrono Boost)  
  101  7:21  Disruptor (Chrono Boost)  
  107  7:23  Pylon  
  107  7:28  Gravitic Boosters, Nexus  
  107  7:30  Probe x3  
  107  7:35  Stalker x2  
  114  7:43  Pylon  
  114  7:47  Probe x2, Disruptor (Chrono Boost)  
  114  7:48  Disruptor (Chrono Boost)  
  122  7:53  Dark Shrine  
  122  7:57  Assimilator  
  122  7:59  Assimilator  
  122  8:00  Probe  
  122  8:01  Pylon  
  122  8:03  Probe  
  122  8:04  Photon Cannon, Probe  
  125  8:06  Shield Battery  
  125  8:13  Probe, Disruptor (Chrono Boost)  
  125  8:17  Pylon  
  125  8:18  Stalker x2  
  125  8:19  Stalker  
  135  8:23  Disruptor (Chrono Boost)  
  138  8:32  Stalker  
  138  8:33  Stalker x2  
  144  8:38  Pylon  
  144  8:40  Disruptor (Chrono Boost)  
  147  8:55  Disruptor (Chrono Boost)  
  147  8:56  Stalker x3  
  147  8:57  Pylon  
  147  9:02  Stalker x2  
  160  9:07  Disruptor  
  163  9:10  Shadow Stride (Chrono Boost)  
  163  9:30  Nexus  
  163  9:31  Photon Cannon, Pylon  
  163  9:33  Photon Cannon, Pylon  
  163  9:34  Pylon  
  163  9:35  Photon Cannon  
  163  9:37  Photon Cannon  
  163  9:39  Photon Cannon  
  163  9:40  Photon Cannon  
  163  9:51  Photon Cannon  
  163  9:52  Photon Cannon  
  163  9:57  Photon Cannon  
  163  10:00  Dark Templar  
  163  10:01  Dark Templar x5  
  163  10:04  Dark Templar  
  163  10:06  Dark Templar  
  179  10:12  Photon Cannon  
  179  10:13  Photon Cannon  
  179  10:15  Photon Cannon  
  179  10:19  Photon Cannon  
  179  10:34  Dark Templar x5  
  189  10:35  Dark Templar  
  189  10:39  Probe x3  
  194  10:42  Stalker  
  194  10:43  Stalker  
  194  10:48  Shield Battery  
  194  10:49  Probe x2  
  200  10:53  Photon Cannon  
  200  11:10  Photon Cannon  
  200  11:12  Photon Cannon  
  200  11:14  Photon Cannon  
  200  11:16  Photon Cannon  
  200  11:19  Photon Cannon  
Tags
 
Matchup
PvP
Spawn Locations
Cross Positions
Add a new tag
Caveats
  • Supply blocks, unpowered buildings, or Contaminate may cause inaccurate times.
  • Supply counts are checked every 10 seconds.